 Dungeon Crawl Stone Soup version 0.19.0-11-g3fc08b3 (webtiles) character file.

483 Carbisari the Insei (level 6, -19/51 HPs)
             Began as a Draconian Transmuter on Nov 9, 2016.
             Killed from afar by Exaltedone87's ghost (26 damage)
             ... with a bolt of negative energy
             ... on level 4 of the Dungeon on Nov 10, 2016.
             The game lasted 00:10:15 (2999 turns).

Carbisari the Insei (Draconian Transmuter)          Turns: 2999, Time: 00:10:18

Health: -19/51     AC:  9    Str: 12    XL:     6   Next: 87%
Magic:  10/10      EV: 12    Int: 15    God:
Gold:   141        SH:  0    Dex: 12    Spells: 2 memorised, 7 levels left

rFire  . . .     SeeInvis +       - Unarmed
rCold  . . .     Gourm    .     (armour unavailable)
rNeg   . . .     Faith    .     (no shield)
rPois  .         Spirit   .     (helmet restricted)
rElec  .         Reflect  .     (no cloak)
rCorr  .         Harm     .     h - +2 pair of gloves
MR     .....                    (boots currently unavailable)
Stlth  +.........               (no amulet)
                                (no ring)
                                j - ring of see invisible

@: appendage (expiring), very slightly contaminated, hasted, heavily drained,
very quick
A: unfitting armour, talons 3, cold-blooded, AC +6
a: End Transformation


You were on level 4 of the Dungeon.
You were not hungry.
You had grown temporary talons.
You visited 1 branch of the dungeon, and saw 4 of its levels.

You collected 141 gold pieces.

Inventory:

Missiles
 a - 45 arrows
Armour
 h - a +2 pair of gloves (worn)
Jewellery
 j - a ring of see invisible (left hand)
Scrolls
 d - 2 scrolls of enchant weapon {unknown}
 f - a scroll of random uselessness {unknown}
 g - 2 scrolls of remove curse {unknown}
 i - 3 scrolls of teleportation {unknown}
 m - 2 scrolls of enchant armour {unknown}
 q - a scroll of identify
 t - a scroll of recharging {unknown}
Potions
 e - a potion of brilliance
 k - a potion of curing
 n - a potion of lignification
 o - a potion of heal wounds
 r - a potion of flight {unknown}
Books
 b - a book of Changes

   Spells                             Type                      Level
   a - Beastly Appendage              Transmutation                1
   b - Sticks to Snakes               Transmutation                2
   c - Spider Form                    Transmutation/Poison         3
   d - Ice Form                       Ice/Transmutation            4
   e - Blade Hands                    Transmutation                5
Comestibles
 c - 3 bread rations
 l - 2 meat rations


   Skills:
 + Level 3.6(2.4) Fighting
 + Level 3.3(2.2) Dodging
 + Level 4.4(3.2) Unarmed Combat
 + Level 3.3(2.1) Spellcasting
 + Level 3.6(2.4) Transmutations


You had 7 spell levels left.
You knew the following spells:

 Your Spells              Type           Power        Failure   Level  Hunger
a - Beastly Appendage     Tmut           #.....       12%         1    #......
b - Spider Form           Tmut/Pois      #.........   43%         3    ###....


Dungeon Overview and Level Annotations

Branches:
Dungeon (4/15)
 Temple: D:4-7

Altars:
Okawaru
Trog
The Shining One

Annotations:
D:3 1 runed door
D:4 Exaltedone87's ghost, novice DrBe


Innate Abilities, Weirdness & Mutations

Your plain brown scales are hard. (AC +6)
You cannot fit into any form of body armour.
You are cold-blooded and may be slowed by cold attacks.
You have claws for feet.


Message History

You closely miss Exaltedone87's ghost. Your kick misses Exaltedone87's ghost.
You tail-slap Exaltedone87's ghost.
Exaltedone87's ghost is moderately damaged.
Exaltedone87's ghost hits you but does no damage.
You barely miss Exaltedone87's ghost. Your kick misses Exaltedone87's ghost.
Exaltedone87's ghost is moderately damaged.
You hit Exaltedone87's ghost but do no damage.
Exaltedone87's ghost is moderately damaged.
Exaltedone87's ghost hits you!
* * * LOW HITPOINT WARNING * * *
You hit Exaltedone87's ghost. Your kick misses Exaltedone87's ghost.
Your tail-slap misses Exaltedone87's ghost.
Exaltedone87's ghost is moderately damaged.
You barely miss Exaltedone87's ghost. Your kick misses Exaltedone87's ghost.
Exaltedone87's ghost is moderately damaged.
Your transformation is almost over.
Exaltedone87's ghost breathes negative energy at you.
The bolt of negative energy hits you!
You feel drained.
Ouch! That really hurt!
You die...

..##########################
.......>...................#
###....##################.#
######.###########.######.#
...........................#
#########..#........######..
######...#...# #..
#.....รท@W....# ##..
#.####.##....# #... #.# ...#
#.#W #.# ..# #.#. ##.# .#
#.#. #..# # ##W#< #.## #..#.
### #######.# #.##. #.#
#....#>.## #.##.


You could see Exaltedone87's ghost.

Vanquished Creatures
  A phantom (D:4)
  A scorpion (D:4)
  A bullfrog zombie (D:4)
  2 hounds
  Natasha (thrice) (D:3)
  A worker ant (D:4)
  8 adders
  3 oozes
  2 worms
  A dart slug (D:3)
  3 orcs
  5 giant cockroaches
  4 goblins
  9 hobgoblins
  A jackal (D:2)
  3 kobolds
  2 quokkas
  2 ball pythons (D:3)
  9 bats
  11 frilled lizards
  8 rats
80 creatures vanquished.

Vanquished Creatures (others)
  4 toadstools (D:1)
4 creatures vanquished.

Grand Total: 84 creatures vanquished

Notes
Turn   | Place    | Note
-------+----------+-------------------------------------------
     0 | D:1      | Carbisari the Draconian Transmuter began the quest for the Orb.
     0 | D:1      | Reached XP level 1. HP: 16/16 MP: 3/3
    71 | D:1      | Reached XP level 2. HP: 23/23 MP: 5/5
   724 | D:1      | Reached XP level 3. HP: 29/29 MP: 6/6
   729 | D:1      | Learned a level 3 spell: Spider Form
   829 | D:2      | Found an iron altar of Okawaru.
  1073 | D:2      | Found a bloodstained altar of Trog.
  1266 | D:2      | Reached XP level 4. HP: 34/36 MP: 3/7
  1670 | D:3      | Found a glowing golden altar of the Shining One.
  1670 | D:3      | Noticed an angel
  1671 | D:3      | Found a runed door.
  1682 | D:3      | Reached XP level 5. HP: 40/42 MP: 8/8
  2031 | D:3      | Noticed Natasha
  2037 | D:3      | Killed Natasha
  2376 | D:4      | Noticed a phantom
  2394 | D:4      | Reached skill level 4 in Unarmed Combat
  2411 | D:4      | Reached XP level 6. HP: 26/51 MP: 10/10
  2467 | D:4      | Noticed Exaltedone87's ghost (novice DrBe)
  2522 | D:3      | Noticed Natasha
  2529 | D:3      | Killed Natasha
  2651 | D:3      | Noticed Natasha
  2666 | D:3      | Killed Natasha
  2999 | D:4      | Killed from afar by Exaltedone87's ghost

Skill      XL: |  1  2  3  4  5 |
---------------+----------------+-----
Dodging        | 2 3 |  3.3
Fighting       | 2 3 |  3.6
Transmutations | 3 |  3.6
Unarmed Combat | 4 |  4.4
Spellcasting   | 3 |  3.3

Action                   |  1- 3 |  4- 6 || total
-------------------------+-------+-------++-------
Melee: Unarmed           |   142 |   208 ||   350
       Tailslap          |    11 |    20 ||    31
       Punch             |     1 |     4 ||     5
       Headbutt          |       |     1 ||     1
       Kick              |       |     6 ||     6
 Cast: Spider Form       |     3 |     6 ||     9
       Beastly Appendage |       |     4 ||     4
 Abil: End Transformatio |     2 |     5 ||     7
  Use: Scroll            |       |     7 ||     7
       Potion            |       |     3 ||     3
 Stab: Sleeping          |     2 |     1 ||     3
       Distracted        |       |     1 ||     1
  Eat: Chunk             |     1 |     2 ||     3
       Bread ration      |       |     1 ||     1
       Beef jerky        |       |     1 ||     1
Armor: Skin              |    40 |    43 ||    83
Dodge: Dodged            |    87 |   118 ||   205
